Map: Вечная империя РВ

Players

Bummsjordy

  • Race: Zerg Zerg
  • League: Diamond
  • Spawn Location: 1:00

BlackRaven - Winner!

  • Race: Terran Terran
  • League: Gold
  • Spawn Location: 7:00

VOD

Have the link to the VOD?

Description

Time

  • Played on: Dec. 11, 2019, 11:27 a.m.
  • Length: 5:46
Show
View Real Time Build Order
Export as new Build Order

Bummsjordy Zerg 

Build Orders: Pool First 

Get SALT Encoding   

  12  0:01  Drone  
  13  0:09  Drone  
  14  0:16  Overlord  
  14  0:22  Extractor  
  14  0:23  Drone  
  15  0:40  Spawning Pool  
  14  0:44  Drone  
  14  0:45  Drone  
  16  0:53  Extractor  
  16  0:55  Drone  
  16  1:03  Drone  
  17  1:11  Drone  
  18  1:17  Drone  
  19  1:26  Hatchery  
  18  1:34  Queen  
  20  1:42  Overlord  
  20  1:45  Drone  
  21  1:49  Drone  
  22  2:01  Drone  
  23  2:11  Drone  
  23  2:12  Extractor  
  23  2:17  Queen  
  25  2:29  Metabolic Boost  
  25  2:38  Queen  
  25  2:41  Overlord, Drone  
  25  2:42  Overlord  
  28  3:01  Drone x5  
  33  3:12  Drone x2  
  35  3:25  Drone x2  
  37  3:27  Lair  
  37  3:35  Drone x2  
  37  3:36  Baneling Nest, Drone  
  39  3:45  Drone x3  
  35  3:59  Burrow  
  35  4:00  Drone x5  
  35  4:01  Drone  
  38  4:24  Drone  
  38  4:25  Roach Warren  
  38  4:28  Drone  
  38  4:41  Hatchery  
  34  4:47  Overseer  
  34  4:52  Drone  
  32  5:08  Drone  
  32  5:09  Drone x2  
  35  5:18  Spore Crawler, Drone  
Show
View Real Time Build Order
Export as new Build Order

BlackRaven Terran - Winner!

Build Orders: 1/1/1, Hellion Banshee 

Get SALT Encoding   

  12  0:00  SCV  
  13  0:13  SCV  
  14  0:17  Supply Depot  
  14  0:25  SCV  
  15  0:29  Refinery  
  15  0:38  SCV  
  16  0:45  Barracks  
  16  0:52  SCV  
  16  0:56  Refinery  
  17  1:04  SCV  
  18  1:16  SCV  
  19  1:32  Orbital Command  
  19  1:35  Factory  
  19  1:40  Barracks Reactor  
  19  1:57  SCV  
  20  2:04  Supply Depot  
  20  2:09  SCV  
  21  2:20  Starport  
  21  2:21  SCV  
  22  2:25  Barracks Tech Lab  
  22  2:26  Hellion  
  24  2:31  Hellion  
  24  2:34  SCV  
  27  2:44  Supply Depot  
  27  2:46  SCV  
  28  2:53  Hellion  
  28  2:57  Hellion  
  31  3:05  Cloaking Field  
  31  3:11  Banshee  
  34  3:15  SCV  
  35  3:37  Command Center  
  35  3:43  Hellion  
  37  3:50  Hellion  
  39  4:00  Banshee  
  36  4:03  SCV  
  36  4:06  Hellion  
  37  4:11  Hellion  
  37  4:14  Supply Depot  
  39  4:36  SCV, Hellion  
  42  4:40  Hellion  
  42  4:42  Banshee  
  47  4:48  SCV  
  48  4:55  Orbital Command  
  48  5:02  Factory  
  48  5:04  SCV  
  48  5:05  Hellion x2  
  53  5:16  SCV  
  54  5:30  SCV x2  
  54  5:33  Refinery  
  54  5:34  Refinery  
Tags
 
Add a new tag
Caveats
  • Supply blocks, unpowered buildings, or Contaminate may cause inaccurate times.
  • Supply counts are checked every 10 seconds.